 Dungeon Crawl Stone Soup version 0.17-a0-484-g0e03f6a (webtiles) character file.

172 Malachi the Skirmisher (level 5, 0/42 HPs)
             Began as a Demonspawn Berserker on Apr 11, 2015.
             Was a Priest of Trog.
             Slain by a gnoll
             ... wielding a cursed -1 whip
              (7 damage)
             ... on level 4 of the Dungeon.
             The game lasted 00:05:42 (2864 turns).

Malachi the Skirmisher (Demonspawn Berserker)       Turns: 2864, Time: 00:05:43

Health: 0/42       AC:  2    Str: 18    XL:     5   Next: 27%
Magic:  5/5        EV: 13    Int: 13    God:    Trog [***...]
Gold:   161        SH:  0    Dex: 11    Spells: 0 memorised, 4 levels left

rFire  + . .     SeeInvis .     a - +0 spear
rCold  + + .     Clarity  .     s - +0 robe {MR+}
rNeg   . . .     SustAb   .     (no shield)
rPois  +         Gourm    .     (helmet restricted)
rElec  +         Spirit   .     (no cloak)
rCorr  +         Warding  .     (no gloves)
rMut   .         Stasis   .     (no boots)
MR     +++..                    (no amulet)
Stlth  +.........               (no ring)
                                (no ring)

@: brilliant, exhausted, resistant, very slightly contaminated, regenerating,
invisible, extremely resistant to hostile enchantments, very unstealthy
A: beak, claws 2, blink 1, clumsy 1, cold resistance 1
a: Blink, Burn Spellbooks, Berserk, Trog's Hand, Renounce Religion


You were on level 4 of the Dungeon.
You worshipped Trog.
Trog was most pleased with you.
You were near starving.

You visited 1 branch of the dungeon, and saw 4 of its levels.

You collected 161 gold pieces.

Inventory:

Hand weapons
 a - a +0 spear (weapon)
Missiles
 p - 4 tomahawks (quivered)
Armour
 b - a +0 animal skin
 s - a +0 robe of magic resistance (worn)
Scrolls
 e - 2 scrolls of enchant weapon {unknown}
 g - 2 scrolls of fog {unknown}
 h - 2 scrolls of immolation {unknown}
 i - 5 scrolls of identify {unknown}
 l - 3 scrolls of blinking {unknown}
 o - a scroll of enchant armour {unknown}
 w - 2 scrolls of teleportation {unknown}
Potions
 f - a potion of invisibility
 k - a potion of brilliance
 m - 2 potions of resistance
 n - a potion of degeneration {unknown}
 q - a potion of cancellation {unknown}
 u - a potion of heal wounds {unknown}
 x - a potion of curing {unknown}
 z - a potion of magic {unknown}
Comestibles
 c - 5 bread rations
 j - a beef jerky
 r - a slice of pizza
 t - 2 meat rations
 v - 4 chunks of flesh


   Skills:
 + Level 4.0 Fighting
 + Level 3.5 Polearms
 + Level 1.9 Armour
 + Level 3.4 Dodging
 + Level 1.1 Stealth


You had 4 spell levels left.
You didn't know any spells.

Dungeon Overview and Level Annotations

Branches:
Dungeon (4/15)
 Temple: D:4-7

Altars:
Fedhas
Okawaru
Qazlal


Innate Abilities, Weirdness & Mutations

You have very sharp fingernails.
Your flesh is cold resistant.
You have a beak for a mouth.
You can translocate small distances at will.
You are clumsy. (Dex -2)


Message History

You feel slightly more hungry.
The giant frog skeleton closely misses you.
The giant frog skeleton hits you.
* * * LOW HITPOINT WARNING * * *
Drink which item? (? for menu, Esc to quit)
It was a potion of resistance.
You feel protected.
The gnoll shouts!
The gnoll barely misses you.
Drink which item? (? for menu, Esc to quit)
It was a potion of brilliance.
You feel clever all of a sudden. The gnoll misses you.
The gnoll closely misses you.
Drink which item? (? for menu, Esc to quit)
It was a potion of mutation.
You feel extremely strange.
You feel jittery.
You feel clumsy.
Your mouth lengthens and hardens into a beak!
You feel yourself speed up.
The gnoll hits you with an enchanted whip!
You die...

...........#.#
#######.#..#.#
#.#(.#.#
#.#..#.#
#.#..#.#
#.##.#.# #.
#..Z# #. #.gg#
. #..@# #...#
#.#.# #.#.#
#.#.# #.#.##
#.#..# #.#..##
#.##..#


You could see 2 gnolls and a giant frog skeleton.

Vanquished Creatures
  A gnoll shaman (D:4)
  4 adders
  A gnoll (D:4)
  3 worms
  A giant gecko (D:2)
  An ooze (D:2)
  3 orcs (D:3)
  2 ball pythons
  5 giant cockroaches
  6 goblins
  12 hobgoblins
  9 jackals
  4 kobolds
  9 bats
  4 giant newts
  7 rats
72 creatures vanquished.

Notes
Turn   | Place    | Note
--------------------------------------------------------------
     0 | D:1      | Malachi, the Demonspawn Berserker, began the quest for the Orb.
     0 | D:1      | Reached XP level 1. HP: 18/18 MP: 1/1
   141 | D:1      | Gained mutation: Your flesh is cold resistant. [demonic ancestry]
   141 | D:1      | Reached XP level 2. HP: 20/24 MP: 2/2
   380 | D:1      | Acquired Trog's second power
   652 | D:2      | Gained mutation: You have sharp fingernails. [demonic ancestry]
   652 | D:2      | Reached XP level 3. HP: 15/29 MP: 3/3
  1294 | D:2      | Reached XP level 4. HP: 37/37 MP: 4/4
  1398 | D:2      | Found a stormy altar of Qazlal.
  2152 | D:3      | Reached skill level 1 in Stealth
  2452 | D:3      | Found a blossoming altar of Fedhas.
  2760 | D:4      | Found an iron altar of Okawaru.
  2837 | D:4      | Gained mutation: You have very sharp fingernails. [demonic ancestry]
  2837 | D:4      | Reached XP level 5. HP: 38/42 MP: 5/5
  2842 | D:4      | Reached skill level 4 in Fighting
  2848 | D:4      | HP: 3/63 [gnoll/flail (6)]
  2850 | D:4      | HP: 1/42 [giant frog skeleton (2)]
  2861 | D:4      | HP: 2/42 [giant frog skeleton (6)]
  2864 | D:4      | Gained mutation: You can translocate small distances at will. [potion of mutation]
  2864 | D:4      | Gained mutation: You are clumsy. (Dex -2) [potion of mutation]
  2864 | D:4      | Gained mutation: You have a beak for a mouth. [potion of mutation]
  2864 | D:4      | Slain by a gnoll

Action                   |  1- 3 |  4- 6 || total
-------------------------+-------+-------++-------
Melee: Spear             |   147 |   175 ||   322
Invok: Berserk           |       |     2 ||     2
       Trog's Hand       |       |     2 ||     2
  Use: Potion            |       |     4 ||     4
 Stab: Sleeping          |     5 |     2 ||     7
  Eat: Chunk             |     1 |     6 ||     7
